 Dungeon Crawl Stone Soup version 0.28.0-53-g5a82cb258f (webtiles) character file.

Game seed: 7928029502736515910

1800 Peloso the Carver (level 8, -11/71 HPs)
             Began as a Minotaur Fighter on July 19, 2022.
             Was an Initiate of Okawaru.
             Mangled by a two-headed ogre
             ... wielding a +0 giant club
              (24 damage)
             ... on level 6 of the Dungeon.
             The game lasted 00:11:09 (5929 turns).

Peloso the Carver (Minotaur Fighter)                Turns: 5929, Time: 00:11:10

Health: -11/71     AC: 17    Str: 20    XL:     8   Next: 83%
Magic:  7/7        EV:  6    Int:  5    God:    Okawaru [......]
Gold:   186        SH:  5    Dex: 13    Spells: 7/7 levels left

rFire   + . .      SeeInvis .   a - +0 long sword
rCold   + . .      Faith    .   c - +0 buckler
rNeg    . . .      Spirit   .   e - +0 plate armour
rPois   .          Reflect  .   (helmet restricted)
rElec   .          Harm     .   E - +0 cloak
rCorr   .          Rampage  .   m - +1 pair of gloves
Will    .....                   (no boots)
Stlth   ..........              (no amulet)
HPRegen 0.21/turn               t - ring of protection from cold
MPRegen 0.10/turn               k - ring of protection from fire

@: no status effects
A: horns 2, retaliatory headbutt
a: Renounce Religion


You were on level 6 of the Dungeon.
You worshipped Okawaru.
Okawaru was noncommittal.
You visited 2 branches of the dungeon, and saw 7 of its levels.
You also visited: Sewer.

You collected 186 gold pieces.

Inventory:

Hand Weapons
 a - a +0 long sword (weapon)
Armour
 b - a +0 scale mail
 c - a +0 buckler (worn)
 e - a +0 plate armour (worn)
 m - a +1 pair of gloves (worn)
 E - a +0 cloak (worn)
Jewellery
 f - an amulet of guardian spirit
 j - a ring of fire
 k - a ring of protection from fire (right hand)
 n - a ring of willpower
 t - a ring of protection from cold (left hand)
 H - a +6 ring of intelligence
Scrolls
 q - a scroll of teleportation
 s - 3 scrolls of enchant armour {unknown}
 v - a scroll of magic mapping {unknown}
 w - 2 scrolls of vulnerability {unknown}
 x - a scroll of fog {unknown}
 y - a scroll of summoning {unknown}
 A - a scroll of blinking {unknown}
 B - 2 scrolls of noise
 C - a scroll of immolation {unknown}
 F - 2 scrolls of fear {unknown}
Potions
 d - a potion of might
 h - a potion of brilliance
 i - 3 potions of cancellation
 l - 2 potions of haste
 o - a potion of heal wounds
 p - a potion of flight
 r - 2 potions of mutation
 u - a potion of magic {unknown}
 z - a potion of resistance {unknown}
 D - 2 potions of curing


   Skills:
 + Level 6.7 Fighting
 + Level 9.5 Long Blades
 + Level 7.5 Armour
 + Level 1.7 Dodging
 + Level 0.2 Stealth
 + Level 5.9 Shields


You had 7 spell levels left.
You didn't know any spells.
Your spell library was empty.

Dungeon Overview and Level Annotations

Branches:
Dungeon (6/15)             Temple (1/1) D:6           Sewer (visited)

Altars:
Ashenzari
Cheibriados
Gozag
Hepliaklqana
Makhleb
Nemelex Xobeh
Okawaru
Sif Muna
Trog
Uskayaw
Vehumet
Wu Jian
Yredelemnul
Zin


Innate Abilities, Weirdness & Mutations

You have a pair of horns on your head.
You reflexively headbutt those who attack you in melee.


Message History

You block the two-headed ogre's attack.
You hit the two-headed ogre but do no damage.
Your headbutt misses the two-headed ogre.
The two-headed ogre is moderately wounded.
You hit the two-headed ogre.
The two-headed ogre is moderately wounded.
The two-headed ogre hits you with a +0 giant club!
You block the two-headed ogre's attack.
You slash the two-headed ogre!
The two-headed ogre is heavily wounded.
You block the two-headed ogre's attack. x2
You barely miss the two-headed ogre.
The two-headed ogre is heavily wounded.
The two-headed ogre barely misses you. You furiously retaliate!
You headbutt the two-headed ogre.
The two-headed ogre hits you with a +0 giant spiked club!
You hit the two-headed ogre. You headbutt the two-headed ogre.
The two-headed ogre is severely wounded.
You barely miss the two-headed ogre. You headbutt the two-headed ogre.
The two-headed ogre is severely wounded.
The two-headed ogre hits you with a +0 giant club!
The two-headed ogre barely misses you.
You completely miss the two-headed ogre.
The two-headed ogre is severely wounded.
The two-headed ogre hits you with a +0 giant club!!
* * * LOW HITPOINT WARNING * * *
The two-headed ogre barely misses you.
You hit the two-headed ogre but do no damage.
The two-headed ogre is severely wounded.
You barely miss the two-headed ogre.
The two-headed ogre is severely wounded.
You block the two-headed ogre's attack. The two-headed ogre barely misses you.
You slash the two-headed ogre! You headbutt the two-headed ogre.
The two-headed ogre is almost dead.
The two-headed ogre hits you but does no damage.
You block the two-headed ogre's attack.
You barely miss the two-headed ogre.
The two-headed ogre is almost dead.
The two-headed ogre hits you with a +0 giant club!!
You die...

#...... #..... .....
.####'#..
........#########
........#.......#
........#.......#
.......))O@.>...+
......#)#.......# .
.####(#.#.......# .#
###'#<####'#######.#
##.......#[.........#.
..........)))###........
...........### #........
#...############.......#
#.. #.............


You could see a two-headed ogre.

Vanquished Creatures
  Sigmund (D:3)
  A water moccasin (D:6)
  A black bear (D:6)
  2 ogres
  A centaur (D:4)
  A phantom (D:5)
  2 bullfrogs (Sewer)
  2 scorpions
  A water moccasin zombie (D:6)
  A wyvern skeleton (D:6)
  2 water moccasin skeletons
  A bullfrog zombie (D:6)
  A bullfrog skeleton (D:4)
  A jelly (D:5)
  Crazy Yiuf (D:3)
  A gnoll shaman (D:6)
  4 hounds
  A centaur skeleton (D:4)
  3 orc wizards
  A hound skeleton (D:4)
  5 gnolls (D:6)
  14 adders
  2 river rats (Sewer)
  2 ufetubi (D:6)
  A dart slug (D:1)
  15 orcs
  A bat (D:2)
  8 endoplasms
  3 giant cockroaches
  7 goblins
  4 hobgoblins
  4 kobolds
  2 quokkas (D:1)
  19 ball pythons
  7 frilled lizards
  24 rats
147 creatures vanquished.

Vanquished Creatures (others)
  4 fungi
  7 plants (D:1)
11 creatures vanquished.

Grand Total: 158 creatures vanquished

Notes
Turn   | Place    | Note
-------+----------+-------------------------------------------
     0 | D:1      | Peloso the Minotaur Fighter began the quest for the Orb.
     0 | D:1      | Reached XP level 1. HP: 19/19 MP: 0/0
   422 | D:1      | Reached XP level 2. HP: 27/27 MP: 1/1
   864 | D:1      | Found a faded altar of an unknown god.
  1012 | D:1      | Reached skill level 3 in Long Blades
  1015 | D:1      | Reached XP level 3. HP: 19/33 MP: 2/2
  1383 | D:2      | Reached XP level 4. HP: 18/40 MP: 3/3
  1901 | D:3      | Found a glowing drain.
  1914 | Sewer    | Entered a sewer
  1963 | Sewer    | Reached skill level 5 in Armour
  1985 | Sewer    | Reached skill level 4 in Long Blades
  2163 | Sewer    | Reached XP level 5. HP: 47/47 MP: 4/4
  2538 | Sewer    | Reached skill level 5 in Fighting
  2538 | Sewer    | Reached XP level 6. HP: 56/56 MP: 5/5
  2713 | D:3      | You fall into a shaft and drop 1 floor!
  2722 | D:4      | Reached skill level 5 in Long Blades
  2752 | D:4      | Reached skill level 1 in Dodging
  2922 | D:4      | Reached XP level 7. HP: 33/61 MP: 6/6
  3189 | D:3      | Noticed Sigmund
  3200 | D:3      | Killed Sigmund
  3201 | D:3      | Reached skill level 6 in Long Blades
  3201 | D:3      | Reached skill level 5 in Shields
  3932 | D:3      | Found a runed translucent door.
  3933 | D:3      | Noticed Crazy Yiuf
  3939 | D:3      | Killed Crazy Yiuf
  4184 | D:4      | Reached skill level 7 in Long Blades
  4261 | D:4      | Found a radiant altar of Vehumet.
  4406 | D:5      | Entered Level 5 of the Dungeon
  4503 | D:5      | Reached XP level 8. HP: 53/70 MP: 7/7
  4884 | D:5      | Reached skill level 8 in Long Blades
  5464 | D:6      | Reached skill level 9 in Long Blades
  5599 | D:6      | Found a staircase to the Ecumenical Temple.
  5755 | D:6      | Noticed a two-headed ogre
  5764 | Temple   | Entered the Ecumenical Temple
  5895 | Temple   | Became a worshipper of Warmaster Okawaru
  5929 | D:6      | Mangled by a two-headed ogre

Illustrated notes

Levels and vault maps discovered:
D:1:      minmay_arrival_doors, layout_loops_cross,
          shapermc_ecumenical_altar_hornbeckon
D:2:      layout_rooms
D:3:      layout_loops_corners, portal_sewer_entry_d, glass_columns_c,
          minmay_misc_feat_x, minmay_misc_feat_encased, uniq_crazy_yiuf_cottage,
          uniq_sigmund
D:4:      layout_cave_pools, mainiacjoe_overflow_alcove_4
D:5:      layout_basic
D:6:      layout_basic, temple_green
Temple:   nicolae_temple_elliptical

Skill      XL: |  1  2  3  4  5  6  7  8 |
---------------+-------------------------+-----
Fighting       | 4 5 6 |  6.7
Armour         | 4 5 6 7 |  7.5
Long Blades    | 3 4 5 7 9 |  9.5
Shields        | 4 5 |  5.9
Dodging        | 1 |  1.7
Stealth        | |  0.2

Action                   |  1- 3 |  4- 6 |  7- 9 || total
-------------------------+-------+-------+-------++-------
Melee: Long sword        |    93 |   135 |   217 ||   445
       Headbutt          |    15 |    16 |    43 ||    74
Throw: Throwing net      |       |       |     1 ||     1
  Use: Scroll            |       |     7 |     2 ||     9
       Potion            |       |       |     2 ||     2
Armor: Plate armour      |    99 |   158 |   181 ||   438
       Scale mail        |     2 |       |       ||     2
Dodge: Dodged            |    37 |    52 |    70 ||   159
Block: Buckler           |    28 |    56 |    61 ||   145
